Map: Lerilak Crest

Players

Faytz

  • Race: Terran Terran
  • League: Grandmaster

Javert - Winner!

  • Race: Zerg Zerg
  • League: Grandmaster

VOD

Have the link to the VOD?

Description

Time

  • Played on: July 7, 2015, 11 p.m.
  • Length: 10:07
Show
View Real Time Build Order
Export as new Build Order

Faytz Terran 

Build Orders: MMM Bio 

Get SALT Encoding   

  12  0:08  SCV  
  13  0:18  Supply Depot  
  13  0:20  SCV  
  14  0:32  SCV  
  15  0:41  Barracks  
  15  0:44  SCV  
  15  0:49  Refinery  
  16  0:56  SCV  
  17  1:08  SCV  
  18  1:20  SCV  
  19  1:27  Marine  
  20  1:33  Orbital Command  
  20  1:44  Command Center  
  20  1:47  Marine  
  21  1:59  SCV  
  22  2:05  Factory  
  22  2:08  Barracks Reactor  
  22  2:15  SCV  
  23  2:27  SCV  
  24  2:39  SCV  
  25  2:45  Supply Depot  
  25  2:53  Barracks Tech Lab  
  25  2:55  Bunker  
  25  2:56  Orbital Command  
  25  2:59  Hellion  
  25  3:00  Hellion  
  26  3:20  Marauder  
  26  3:21  Hellion  
  26  3:22  Hellion  
  32  3:32  SCV x2  
  34  3:42  Hellion, Marauder  
  34  3:47  SCV x2  
  40  3:52  Combat Shields  
  40  3:53  Starport  
  40  4:01  SCV  
  40  4:02  SCV  
  42  4:05  Hellion x2  
  46  4:14  SCV x2  
  48  4:21  Marauder  
  48  4:26  SCV  
  48  4:29  Hellion  
  48  4:30  Hellion  
  53  4:38  SCV x2  
  53  4:41  Command Center  
  53  4:44  Marauder  
  55  4:56  Hellion x2  
  57  5:03  SCV x2  
  57  5:05  Marauder  
  59  5:26  Marauder  
  55  5:32  SCV  
  55  5:33  SCV  
  55  5:34  Hellion x2  
  51  5:43  Barracks x2  
  51  5:44  Barracks  
  51  5:46  SCV x2  
  53  5:50  Marine  
  53  5:51  Stimpack  
  53  5:54  Starport Reactor  
  53  5:55  Widow Mine x2  
  53  5:56  Refinery  
  58  5:58  SCV x2  
  58  6:00  Orbital Command  
  58  6:08  Marine  
  59  6:12  Barracks  
  59  6:14  Supply Depot  
  59  6:18  SCV  
  59  6:19  SCV  
  61  6:28  SCV, Refinery  
  61  6:30  Refinery  
  61  6:31  SCV, Supply Depot  
  61  6:32  Supply Depot  
  63  6:36  SCV, Engineering Bay  
  63  6:38  Engineering Bay  
  64  6:40  SCV  
  64  6:41  Marine  
  64  6:43  Barracks Reactor  
  66  6:50  Barracks Reactor  
  66  6:51  Widow Mine x2  
  66  6:53  Marine  
  71  6:57  SCV x2  
  71  6:59  Marine  
  74  7:09  SCV x2  
  74  7:11  Marine  
  74  7:13  Terran Infantry Weapons Level 1  
  74  7:14  Terran Infantry Armor Level 1  
  77  7:15  Orbital Command  
  77  7:17  Supply Depot, Marine  
  77  7:18  Supply Depot  
  77  7:20  Barracks x2  
  77  7:21  SCV x2, Medivac  
  82  7:28  Missile Turret  
  82  7:29  Missile Turret  
  82  7:32  Marine  
  82  7:33  SCV x2, Marine x2  
  82  7:34  Barracks Reactor  
  82  7:35  Barracks Reactor  
  87  7:45  SCV x2  
  87  7:47  Supply Depot, Factory  
  87  7:49  Supply Depot  
  87  7:50  SCV  
  87  7:51  Marine  
  91  7:55  Widow Mine x2  
  91  7:57  SCV x2  
  97  8:06  Refinery  
  97  8:07  SCV, Refinery  
  97  8:08  Command Center  
  97  8:09  SCV, Medivac  
  97  8:10  Medivac  
  101  8:19  Marine  
  98  8:20  Marine x9  
  98  8:22  Marine  
  108  8:30  Widow Mine  
  108  8:31  Widow Mine  
  108  8:32  Factory Tech Lab  
  111  8:35  Armory  
  111  8:37  Marine x3  
  114  8:45  SCV x3  
  117  8:52  Marine  
  118  8:57  SCV x3  
  118  8:59  Supply Depot x2  
  121  9:04  Siege Tank  
  121  9:06  Medivac x2  
  121  9:07  Marine x4  
  121  9:08  Barracks Reactor  
  132  9:15  Marine x2  
  132  9:16  Marine x2  
  108  9:21  Marine  
  108  9:22  Orbital Command, Marine  
  107  9:25  Widow Mine x2, Marine x3  
  107  9:30  Marine  
  110  9:33  Marine x3  
  113  9:44  Marine x5  
Show
View Real Time Build Order
Export as new Build Order

Javert Zerg - Winner!

Build Orders: Hatch First, Muta Ling Bane 

Get SALT Encoding   

  12  0:01  Drone  
  13  0:12  Overlord  
  13  0:17  Drone  
  14  0:31  Drone x2  
  14  0:34  Drone  
  17  0:54  Hatchery  
  16  0:58  Drone  
  16  1:01  Extractor  
  16  1:03  Drone  
  17  1:07  Drone  
  18  1:22  Spawning Pool  
  18  1:24  Drone  
  18  1:32  Drone  
  19  1:50  Drone  
  20  1:56  Drone  
  21  2:02  Overlord  
  21  2:09  Metabolic Boost  
  21  2:11  Queen x2  
  25  2:20  Zergling x6  
  28  2:25  Drone  
  28  2:28  Zergling x2  
  30  2:34  Zergling x2  
  31  2:41  Zergling x2  
  32  2:52  Drone  
  32  2:56  Overlord  
  32  2:57  Hatchery  
  32  3:01  Drone  
  32  3:16  Drone x4  
  35  3:27  Drone x2  
  35  3:28  Drone  
  35  3:29  Queen  
  37  3:35  Zergling x6  
  40  3:44  Zergling x8  
  44  3:56  Lair  
  44  3:57  Extractor  
  44  3:59  Drone  
  44  4:05  Overlord  
  44  4:09  Drone x3  
  48  4:10  Drone x3  
  50  4:23  Zergling x4  
  49  4:26  Zergling x4  
  49  4:27  Zergling x4  
  51  4:34  Zergling x8  
  51  4:35  Zergling x6  
  57  4:42  Overlord  
  48  5:02  Zergling x14  
  52  5:09  Drone x2  
  52  5:11  Extractor  
  52  5:13  Evolution Chamber x2, Extractor  
  48  5:15  Zergling x10  
  43  5:40  Spawning Pool  
  43  5:41  Drone  
  43  5:42  Drone x8  
  51  5:45  Zerg Melee Weapons Level 1  
  51  5:50  Drone  
  51  5:53  Drone x2  
  54  6:00  Spire  
  54  6:01  Drone x2  
  54  6:02  Drone  
  57  6:11  Overseer  
  57  6:15  Overlord x2  
  57  6:21  Drone x4  
  61  6:28  Spine Crawler  
  61  6:29  Drone x4  
  64  6:44  Overlord, Extractor  
  64  6:45  Overlord  
  64  6:46  Extractor  
  62  6:51  Zerg Ground Armor Level 1  
  62  6:53  Overlord  
  61  7:06  Overlord  
  61  7:11  Mutalisk  
  61  7:12  Mutalisk x6  
  61  7:14  Baneling Nest  
  74  7:24  Drone x7  
  74  7:26  Spine Crawler  
  80  7:33  Mutalisk x3  
  86  7:38  Drone x2  
  86  7:39  Drone x2  
  90  7:50  Mutalisk x2  
  90  7:51  Mutalisk  
  96  8:04  Centrifical Hooks  
  96  8:12  Zergling x28  
  110  8:33  Baneling x8  
  110  8:34  Baneling x3  
  108  8:40  Overseer x2  
  108  8:41  Overseer x2  
  106  8:44  Zergling x6  
  106  8:45  Zergling x8  
  113  9:02  Overlord x2  
  96  9:28  Zergling x12  
  96  9:29  Zergling x14  
  96  9:31  Baneling x7  
Tags
 
Add a new tag
Caveats
  • Supply blocks, unpowered buildings, or Contaminate may cause inaccurate times.
  • Supply counts are checked every 10 seconds.